 Dungeon Crawl Stone Soup version 0.21-a0-621-gc60411f (webtiles) character file.

13783 M4edhros the Martial Artist (level 12, 0/81 HPs)
             Began as an Octopode Artificer on Dec 23, 2017.
             Was a Priest of Cheibriados.
             Splashed by an acid dragon's acid (17 damage)
             ... on level 12 of the Dungeon.
             The game lasted 00:28:46 (6272 turns).

M4edhros the Martial Artist (Octopode Artificer)    Turns: 6272, Time: 00:28:48

Health: 0/81       AC: -3    Str: 20    XL:     12   Next: 9%
Magic:  14/17      EV: 22    Int: 21    God:    Cheibriados [***...]
Gold:   577        SH:  7    Dex: 27    Spells: 11/11 levels left

rFire    . . .     SeeInvis .     - Unarmed
rCold    . . .     Gourm    .   s - +0 buckler
rNeg     . . .     Faith    .   (helmet restricted)
rPois    .         Spirit   .   (no amulet)
rElec    .         Reflect  .   u - +2 ring of dexterity
rCorr    .         Harm     .   A - ring of protection from magic
MR       +....                  (no ring)
Stlth    +++++.....             (no ring)
HPRegen  0.23/turn              (no ring)
MPRegen  0.15/turn              (no ring)
                                (no ring)
                                (no ring)

@: lethally poisoned (0 -> -5), corroded, very slow
A: almost no armour, stealthy swim, amphibious, 8 rings, constrict 8, camouflage
1, mutation resistance 1, gelatinous body 1
a: Bend Time, Temporal Distortion, Renounce Religion


You were on level 12 of the Dungeon.
You worshipped Cheibriados.
Cheibriados was most pleased with you.
You were hungry.

You visited 2 branches of the dungeon, and saw 13 of its levels.
You also visited: Ossuary.

You collected 577 gold pieces.

Inventory:

Hand Weapons
 a - a +0 short sword
 i - a +2 whip of electrocution
 m - a +0 blowgun
 y - a +1 dagger of venom
Missiles
 b - 2 curare-tipped needles
 n - 45 poisoned needles
Armour
 s - a +0 buckler (worn)
Jewellery
 u - a +2 ring of dexterity (left tentacle)
 A - a ring of protection from magic (right tentacle)
Wands
 c - a wand of enslavement (19)
 t - a wand of iceblast (4)
Scrolls
 g - 2 scrolls of amnesia
 j - 2 scrolls of identify
 k - 2 scrolls of enchant armour
 l - 3 scrolls of remove curse
 p - 2 scrolls of fog
 r - 4 scrolls of enchant weapon
 v - 4 scrolls of teleportation
 x - 3 scrolls of blinking
Potions
 d - a potion of heal wounds
 e - 2 potions of curing
 h - 2 potions of cancellation
 o - a potion of invisibility
 q - 2 potions of brilliance
 w - 2 potions of flight
 z - a potion of agility
Comestibles
 f - 26 rations


   Skills:
 + Level 7.0 Fighting
 - Level 1.0 Short Blades
 + Level 8.6 Dodging
 + Level 7.9 Stealth
 + Level 5.8 Shields
 * Level 9.9 Unarmed Combat
 - Level 7.5 Invocations
 * Level 7.8 Evocations


You had 11 spell levels left.
You didn't know any spells.

Dungeon Overview and Level Annotations

Branches:
Dungeon (12/15)            Temple (1/1) D:6            Lair (0/6) D:8
    Orc: D:9-12

Altars:
Ashenzari
Cheibriados
Dithmenos
Elyvilon
Fedhas
Gozag
Hepliaklqana
Kikubaaqudgha
Makhleb
Nemelex Xobeh
Okawaru
Qazlal
Ru
Trog
Uskayaw
Vehumet
Wu Jian
Xom
Yredelemnul
Zin


Innate Abilities, Weirdness & Mutations

You cannot wear most types of armour.
You are very stealthy in the water. (Stealth+)
You are amphibious.
You can wear up to eight rings at the same time.
You can use your tentacles to constrict eight enemies at once.
Your skin changes colour to match your surroundings (Stealth+).
Your rubbery body absorbs attacks. (AC +1, EV +1)
You are somewhat resistant to further mutation.


Message History

The acid dragon struggles to resist.
You constrict the killer bee.
You feel sick. The killer bee misses you. x2
Evoke which item? (* to show all) (? for menu, Esc to quit)
Aiming: Enslavement
Press: ? - help, Shift-Dir - straight line, f/p - acid dragon
Aim: an acid dragon (catching its breath, chance to defeat MR: 68%)
The acid dragon struggles to resist.
You constrict the killer bee.
You feel sick. The killer bee barely misses you.
The killer bee completely misses you. You block the killer bee's attack.
Evoke which item? (* to show all) (? for menu, Esc to quit)
Aiming: Enslavement
Press: ? - help, Shift-Dir - straight line, f/p - acid dragon
Aim: an acid dragon (chance to defeat MR: 68%)
The acid dragon struggles to resist.
You constrict the killer bee. The killer bee closely misses you.
The killer bee stings you. The acid dragon spits acid at you.
The splash of acid hits you!
* * * LOW HITPOINT WARNING * * *
The acid corrodes you!
You are splashed with acid!
The acid burns!
You die...

).. ...)..# #.##)..#
#.......... ####.))#.#
......... ##....)..#
#..!....# ......####
#.......# #..#.####
#.......###. ........##
#..........# #.......)##
#...yy..# ......[...#
#...@D..# ......y...#
#.......#
#......(..###.......######
........y.................
#.........###.############
#...............
#...............#
#...............#
#...............#


You could see an acid dragon and 2 killer bees.

Vanquished Creatures
  2 two-headed ogres
  Pikel (D:7)
  A gargoyle (D:12)
  The ghost of M4edhros the Sneak, a novice OpAr (D:5)
  2 trolls
  3 hippogriffs
  Sigmund (D:2)
  A wyvern (D:12)
  26 yaks
  A steam dragon (D:7)
  Duvessa (D:7)
  4 orc warriors
  A hornet zombie (D:6)
  3 ice beasts
  3 sky beasts
  A black bear (D:8)
  A necrophage (D:9)
  3 phantoms
  5 ogres
  5 centaurs
  7 bullfrogs
  Dowan (D:7)
  A wyvern skeleton (D:9)
  6 water moccasin zombies (Ossuary)
  3 scorpions
  14 killer bees
  8 wights
  4 howler monkeys
  3 crimson imps
  5 bullfrog zombies
  4 hounds
  2 centaur skeletons
  4 jellies
  9 orc wizards
  5 orc priests
  A bullfrog skeleton (D:9)
  2 iguanas
  Natasha (thrice) (D:2)
  5 worker ants
  4 big kobold zombies (Ossuary)
  6 hound zombies
  2 hound skeletons
  2 mummies (Ossuary)
  A howler monkey zombie (D:6)
  A worker ant zombie (D:6)
  9 adders
  A shadow imp (D:5)
  6 adder zombies
  3 worms
  2 dart slugs (D:1)
  4 leopard geckos
  19 orcs
  5 giant cockroaches
  9 goblins
  9 hobgoblins
  12 jackals
  5 quokkas
  A ball python zombie (D:6)
  7 bats
  2 frilled lizards
  3 gnoll zombies (Ossuary)
  7 hobgoblin zombies (Ossuary)
  6 kobolds
  4 kobold zombies (Ossuary)
  A leopard gecko skeleton (D:6)
  3 leopard gecko zombies (D:6)
  3 orc zombies (Ossuary)
  A quokka zombie (D:6)
  5 rats
  A rat zombie (D:6)
297 creatures vanquished.

Vanquished Creatures (collateral kills)
  An ogre (D:7)
  An orc wizard (D:8)
  An adder (D:10)
  2 orcs (D:8)
5 creatures vanquished.

Vanquished Creatures (others)
  An orc warrior (D:8)
  3 slaves (D:7)
  2 worker ants (D:7)
  A withered plant (D:6)
7 creatures vanquished.

Grand Total: 309 creatures vanquished

Notes
Turn   | Place    | Note
-------+----------+-------------------------------------------
     0 | D:1      | M4edhros the Octopode Artificer began the quest for the Orb.
     0 | D:1      | Reached XP level 1. HP: 13/13 MP: 3/3
   115 | D:1      | Reached XP level 2. HP: 16/18 MP: 4/4
   282 | D:2      | Reached XP level 3. HP: 23/23 MP: 5/5
   286 | D:2      | Noticed Sigmund
   416 | D:3      | Found a sacrificial altar of Ru.
   479 | D:3      | Noticed an ogre
   486 | D:3      | Killed an ogre
   486 | D:3      | Reached XP level 4. HP: 14/28 MP: 5/7
   486 | D:3      | Reached XP level 5. HP: 16/33 MP: 5/8
   718 | D:5      | Entered Level 5 of the Dungeon
   801 | D:5      | Noticed M4edhros's ghost (novice OpAr)
   809 | D:5      | Killed M4edhros's ghost
   809 | D:5      | Reached skill level 5 in Stealth
   809 | D:5      | Reached skill level 5 in Evocations
   809 | D:5      | Reached XP level 6. HP: 28/38 MP: 8/10
   876 | D:5      | Reached XP level 7. HP: 20/43 MP: 11/11
   998 | D:4      | Found a burning altar of Makhleb.
  1319 | D:5      | Found a glowing silver altar of Zin.
  1440 | D:6      | Found a staircase to the Ecumenical Temple.
  1467 | Temple   | Entered the Ecumenical Temple
  1481 | Temple   | Became a worshipper of Cheibriados the Contemplative
  1547 | D:6      | Found a sand-covered staircase.
  1561 | Ossuary  | Entered an ossuary
  1600 | Ossuary  | Reached skill level 5 in Dodging
  1611 | Ossuary  | Reached skill level 1 in Unarmed Combat
  1659 | Ossuary  | Reached * piety under Cheibriados
  1686 | Ossuary  | Reached skill level 2 in Unarmed Combat
  1704 | Ossuary  | Reached XP level 8. HP: 15/50 MP: 12/12
  1803 | Ossuary  | Reached skill level 3 in Unarmed Combat
  1879 | D:6      | Reached ** piety under Cheibriados
  2287 | D:2      | Noticed Natasha
  2297 | D:2      | Killed Natasha
  2382 | D:2      | Noticed Natasha
  2387 | D:2      | Killed Natasha
  2391 | D:2      | Noticed Natasha
  2397 | D:2      | Killed Natasha
  2455 | D:2      | Killed Sigmund
  2455 | D:2      | Reached skill level 4 in Unarmed Combat
  2941 | D:5      | Reached *** piety under Cheibriados
  3083 | D:6      | Reached skill level 1 in Invocations
  3135 | D:6      | Reached skill level 5 in Unarmed Combat
  3144 | D:6      | Reached XP level 9. HP: 45/58 MP: 13/13
  3199 | D:6      | Reached skill level 1 in Shields
  3274 | D:7      | Noticed Pikel
  3281 | D:7      | Killed Pikel
  3337 | D:7      | Noticed Dowan
  3387 | D:7      | Reached **** piety under Cheibriados
  3387 | D:7      | Reached skill level 6 in Unarmed Combat
  3846 | D:7      | Noticed Duvessa
  3861 | D:7      | Killed Duvessa
  3861 | D:7      | Reached skill level 5 in Invocations
  3880 | D:7      | Killed Dowan
  3880 | D:7      | Reached XP level 10. HP: 57/65 MP: 14/14
  4005 | D:8      | Reached skill level 5 in Fighting
  4005 | D:8      | Reached skill level 7 in Unarmed Combat
  4199 | D:8      | Noticed a two-headed ogre
  4319 | D:8      | Found a staircase to the Lair.
  4410 | D:8      | Noticed a two-headed ogre
  4412 | D:8      | Gained mutation: You are somewhat resistant to further mutation. [potion of mutation]
  4418 | D:8      | Killed a two-headed ogre
  4571 | D:8      | Reached skill level 8 in Unarmed Combat
  4683 | D:8      | Reached XP level 11. HP: 72/72 MP: 16/16
  4768 | D:9      | Found a stormy altar of Qazlal.
  4768 | D:9      | Found an opulent altar of Gozag.
  4769 | D:9      | Found a shattered altar of Ashenzari.
  4900 | D:9      | Noticed a two-headed ogre
  4907 | D:9      | Killed a two-headed ogre
  5133 | D:9      | Reached skill level 5 in Shields
  5135 | D:9      | Reached skill level 9 in Unarmed Combat
  5230 | D:9      | Found a hide-covered altar of Uskayaw.
  5260 | D:10     | Entered Level 10 of the Dungeon
  6200 | D:12     | Reached XP level 12. HP: 66/80 MP: 11/17
  6272 | D:12     | Splashed by an acid dragon's acid

Vault maps used:
D:1:      giann_wishing_wells, minmay_octomino_e4
D:2:      minmay_shallow_snake_nest, uniq_natasha, uniq_sigmund
D:3:      nicolae_ru_awakened_eye
D:4:      nicolae_overflow_hidden_temple, first_ration
D:5:      kennysheep_mini_moat
D:6:      minmay_temple_entry_crystal_x, enter_ossuary_4, serial_undead,
          serial_undead_f, serial_undead_f, serial_undead_b, serial_undead_e,
          serial_undead_d, serial_undead_a, lemuel_flame_loot_1
D:7:      led_sif_book, uniq_duvessa, uniq_pikel
D:8:      lair_entry_dummy
D:9:      gammafunk_temple_overflow_claw, basic_altar
D:10:     serial_shops, kennysheep_mini
D:11:     minmay_misc_feat_room
D:12:     kennysheep_orc_monster_closet_entryway, david_nohive_1,
          kennysheep_generic_room_13
Temple:   lightli_temple_of_artemis
Ossuary:  ossuary_tomb_2

Skill      XL: |  1  2  3  4  5  6  7  8  9 10 11 12 |
---------------+-------------------------------------+-----
Stealth        | 2 4 5 6 7 |  7.9
Dodging        | 3 4 5 6 7 8 |  8.6
Evocations     | 4 5 7 |  7.8
Unarmed Combat | 2 5 6 8 9 |  9.9
Fighting       | 2 3 4 5 6 7 |  7.0
Invocations    | 1 5 7 |  7.5
Shields        | 2 4 5 |  5.8
Short Blades   | |  1.0

Action                   |  1- 3 |  4- 6 |  7- 9 | 10-12 || total
-------------------------+-------+-------+-------+-------++-------
Melee: Short sword       |    41 |    32 |   172 |       ||   245
       Constrict         |    12 |     7 |    83 |    54 ||   156
       Tentacles         |     6 |     7 |   120 |   130 ||   263
       Dagger            |       |       |    80 |       ||    80
       Punch             |       |       |    13 |    37 ||    50
       Unarmed           |       |       |    62 |   323 ||   385
 Fire: Blowgun           |       |       |       |     4 ||     4
Invok: Slouch            |       |       |       |    10 ||    10
Evoke: Wand              |     8 |     8 |    14 |    11 ||    41
  Use: Scroll            |       |       |    13 |     7 ||    20
       Potion            |       |       |     8 |     3 ||    11
 Stab: Sleeping          |     5 |     3 |    20 |    25 ||    53
       Betrayed ally     |       |       |     1 |       ||     1
       Distracted        |       |       |       |     1 ||     1
  Eat: Chunk             |       |       |     6 |     6 ||    12
Armor: Skin              |     1 |     5 |    10 |     3 ||    19
Dodge: Dodged            |    26 |    30 |   225 |   190 ||   471
Block: Buckler           |       |       |    18 |    75 ||    93

Table legend:
 A = Spawn XP
 B = Non-spawn XP
 C = Spawn XP percentage of total XP
 D = Spawn monster count
 E = Non-spawn monster count
 F = Spawn count percentage of total count
 G = Total turns spent on level
                    A         B        C        D         E        F      G
               +---------+---------+-------+---------+---------+-------+---------
         Total |       0 |   19691 |   0.0 |       0 |     302 |   0.0 |  6272
               +---------+---------+-------+---------+---------+-------+---------
           D:1 |       0 |      44 |   0.0 |       0 |      25 |   0.0 |   499
           D:2 |       0 |     379 |   0.0 |       0 |      15 |   0.0 |   440
           D:3 |       0 |     161 |   0.0 |       0 |      18 |   0.0 |   450
           D:4 |       0 |     131 |   0.0 |       0 |      10 |   0.0 |   566
           D:5 |       0 |     533 |   0.0 |       0 |       8 |   0.0 |   511
           D:6 |       0 |    1232 |   0.0 |       0 |      37 |   0.0 |   647
           D:7 |       0 |    1710 |   0.0 |       0 |      14 |   0.0 |   552
           D:8 |       0 |    4456 |   0.0 |       0 |      41 |   0.0 |   718
           D:9 |       0 |    4593 |   0.0 |       0 |      38 |   0.0 |   539
          D:10 |       0 |    1882 |   0.0 |       0 |      23 |   0.0 |   454
          D:11 |       0 |    2214 |   0.0 |       0 |      21 |   0.0 |   436
          D:12 |       0 |    1718 |   0.0 |       0 |      20 |   0.0 |   122
       Ossuary |       0 |     638 |   0.0 |       0 |      32 |   0.0 |   308
               +---------+---------+-------+---------+---------+-------+---------
